[Event "European Women-ch 2023"]
[Site "Petrovac"]
[Date "2023.03.19"]
[Round "2.21"]
[White "Gamal, Alaa"]
[Black "Hapala, Elisabeth"]
[Result "0-1"]
[ECO "E11"]
[WhiteElo "1748"]
[BlackElo "2072"]
[Annotator "TA"]
[PlyCount "104"]
[EventDate "2023.03.15"]
[EventType "swiss"]
[EventCountry "MNE"]
[SourceTitle "playchess.com"]
[Source "ChessBase"]
[SourceQuality "1"]
[TimeControl "40/5400+30:1800+30"]

1. d4 Nf6 2. c4 e6 3. Nf3 Bb4+ 4. Nbd2 O-O 5. a3 Be7 6. e4 d6 {[%emt 0:00:04][%cal Oe6e5] E11: Bogo-Indian.} (6... d5 $5 ) 7. Bd3 e5 8. d5 a5 {[%emt 0:01:46] [#] The position is equal.} 9. h3 $146 ({Predecessor:} 9. Bc2 Bd7 10. b3 Na6 11. O-O b5 12. cxb5 Bxb5 13. Re1 Nc5 14. a4 Ba6 15. Ba3 {½-½ Suleymanli,A (2552)-Predke,A (2684) EU-ch 23rd Vrnjacka Banja 2023 (4)}) 9... a4 10. Nb1 Nbd7 (10... Nfd7 $11) 11. Nc3 $14 Nc5 12. Bc2 $1 c6 13. Be3 Nfd7 14. g4 Qa5 15. O-O Nb6 16. Nd2 cxd5 17. cxd5 Bd7 18. Qe2 Qa6 19. Qf3 ({Better is} 19. Qxa6 $14 bxa6 20. Bxc5 dxc5 21. Rfd1) 19... Nc4 $11 20. Nxc4 Qxc4 21. Rad1 Rfc8 22. Qg3 (22. Rc1 $11) 22... Be8 {[%emt 0:05:36] Black is more active.} (22... b5 $17) 23. h4 (23. Bb1 $11) 23... Nd7 (23... b5 $15) 24. g5 (24. Bd3 $142 Qb3 25. Rb1) 24... f6 (24... b5 $1 $11) 25. Bd3 Qc7 26. Be2 fxg5 27. hxg5 Nf8 28. Bg4 Bd7 29. Bh5 {[%emt 0:00:35] [#] Hoping for f4.} Qd8 (29... Be8 $1 $14 30. Bg4 Bd7) 30. Kg2 ({White should play} 30. f4 $16 exf4 31. Qxf4) 30... Be8 $1 $14 (30... Ng6 $2 31. Bxg6 hxg6 32. Rh1 $18) 31. Bg4 Bd7 32. Bh5 (32. Bf5 $14) 32... b5 (32... Ng6 $2 33. Bxg6 hxg6 34. f4 Rxc3 35. bxc3 $18) (32... Be8 $5 33. Bg4 Bd7 $16) 33. Rh1 (33. f4 {looks sharper.} exf4 34. Bf7+ Kh8 35. Bxf4 b4 36. axb4 a3 37. bxa3 Rxa3 38. Rf3) 33... Be8 34. Bg4 Bd7 35. Bf5 g6 36. Bh3 Rc4 37. Rc1 b4 38. axb4 Rxb4 39. Bxd7 Qxd7 40. Rc2 Qb7 41. Bc1 Rc8 42. f3 $2 {[%emt 0:03:45] [#] White does not recover from this.} (42. Qg4 $15) 42... Rb3 $1 $19 {[%emt 0:03:25][%cal Oa4a3] Strongly threatening ...a3!} 43. Qe1 Bd8 44. Rh2 $2 (44. Qe3) 44... Ba5 45. Kg3 a3 46. Bd2 (46. Qd1 $142) 46... axb2 {[%emt 0:03:22] ...Bxc3 is the strong threat.} 47. Qb1 Bxc3 48. Bxc3 Rcxc3 (48... Qf7 $142 49. Rhf2 Rcxc3 50. Rxc3 Qf4+ 51. Kh3 Rxc3 52. Qxb2 Rxf3+ 53. Rxf3 Qxf3+ 54. Kh2 Qh5+ 55. Kg2 Qxg5+ 56. Kh3 Qe3+ 57. Kh2 Qxe4) 49. Rxc3 Rxc3 50. Rxb2 Qf7 51. Qh1 Qf4+ 52. Kg2 Qxf3+ {[%emt 0:00:13] Weighted Error Value: White=0.73/Black=0.27 (precise)} 0-1

[Event "European Women-ch 2023"]
[Site "Petrovac"]
[Date "2023.03.19"]
[Round "2.22"]
[White "Berke, Ana"]
[Black "Melia, Salome"]
[Result "1/2-1/2"]
[ECO "B51"]
[WhiteElo "2107"]
[BlackElo "2366"]
[Annotator "TA"]
[PlyCount "87"]
[EventDate "2023.03.15"]
[EventType "swiss"]
[EventCountry "MNE"]
[SourceTitle "playchess.com"]
[Source "ChessBase"]
[SourceQuality "1"]
[TimeControl "40/5400+30:1800+30"]

1. e4 c5 2. Nf3 Nc6 3. Bb5 d6 4. Bxc6+ bxc6 5. e5 dxe5 6. Nxe5 {[%emt 0:01:05] B51: Sicilian: Moscow Variation (3 Bb5+) without 3...Bd7.} Qd5 7. Nf3 Qe4+ 8. Qe2 {[%emt 0:02:05] White is slightly better.} Qxc2 {[%emt 0:00:41] [#]} 9. Na3 $146 ({Predecessor:} 9. Nc3 Nf6 10. Ne5 Nd7 11. O-O Nxe5 12. Qxe5 Qf5 13. Qc7 Qd7 14. Qa5 g6 15. d3 {0-1 Rausis,I (2501)-Dreev,A (2688) Keres Memorial rapid 2009 (2)}) 9... Qf5 10. O-O Nf6 11. d4 e6 12. Be3 Nd5 13. Nc4 Be7 (13... Ba6 {looks sharper.} 14. Rac1 cxd4 15. Nxd4 Qe4) 14. Rac1 O-O 15. dxc5 Ba6 16. Rfe1 Qh5 17. Qc2 Bxc4 18. Qxc4 Rab8 19. Bd4 Rb4 20. Qc2 Nf4 (20... Bf6 $11 21. Be5 Qg6) 21. Be5 {[%emt 0:03:14] [#] Black must now prevent a3.} Bf6 22. Bxf4 (22. b3 {seems wilder.} a5 23. Rcd1 Qg4 24. Bxf4 Rxf4 25. h3) 22... Rxf4 23. b3 g6 24. Red1 e5 25. Re1 Re8 26. Re4 Qf5 27. Rce1 Rd8 28. h3 Rd5 29. b4 Rxe4 (29... Kg7 {keeps more tension.} 30. R1e3 Qd7 31. Nxe5 Bxe5 32. Rxe5 Rxe5 33. Rxe5 Qd4) 30. Rxe4 Qd7 31. a4 Bg7 32. Re2 f5 33. Rd2 {[%emt 0:01:38][%cal Ob4b5] Strongly threatening b5!} e4 34. Rxd5 Qxd5 $11 {[%emt 0:00:17][%mdl 4096] Endgame KQB-KQN} 35. Nd2 Bh6 36. Nf1 {[%emt 0:01:52] aiming for b5.} f4 {[%emt 0:00:22] [#]} (36... Kf8 $14) 37. b5 $1 $16 Bf8 38. bxc6 (38. Nd2 $16 e3 39. Ne4) 38... Qxc6 $11 {[%emt 0:00:13] The position is equal.} 39. Qc4+ Kg7 40. Qd4+ Kf7 41. Qc4+ Kg7 42. Qd4+ Kf7 43. Qc4+ Kg7 44. Qd4+ {[%emt 0:00:10] Weighted Error Value: White=0.08 (flawless) /Black=0.09 (flawless)} 1/2-1/2

[Event "European Women-ch 2023"]
[Site "Petrovac"]
[Date "2023.03.19"]
[Round "2.23"]
[White "Golsta, Ramona"]
[Black "Gaponenko, Inna"]
[Result "0-1"]
[ECO "E24"]
[WhiteElo "1760"]
[BlackElo "2349"]
[Annotator "TA"]
[PlyCount "132"]
[EventDate "2023.03.15"]
[EventType "swiss"]
[EventCountry "MNE"]
[SourceTitle "playchess.com"]
[Source "ChessBase"]
[SourceQuality "1"]
[TimeControl "40/5400+30:1800+30"]

1. d4 Nf6 2. c4 e6 3. Nc3 Bb4 4. f3 d5 5. a3 Bxc3+ 6. bxc3 O-O 7. e3 c5 8. cxd5 Nxd5 9. Bd3 {[%emt 0:08:50] E24: Nimzo-Indian: Sämisch: Unusual Black 5th moves and 5...c5 sidelines.} Nxc3 {[%emt 0:16:08] [#]} 10. Qc2 $146 ({Predecessor:} 10. Bxh7+ Kxh7 11. Qd3+ Kh8 12. Qxc3 cxd4 13. exd4 Qh4+ 14. g3 Qf6 15. h4 b6 16. h5 Bb7 {½-½ Wojnar,M-Lefik,W POL-ch39 corr9698 1996}) 10... cxd4 11. Bb2 (11. Bxh7+ $11 Kh8 12. Bd3) 11... h6 12. Bxc3 dxc3 13. Ne2 Nc6 14. Qxc3 Qa5 15. Rc1 Bd7 16. Kf2 Qxc3 17. Rxc3 Rac8 18. Rd1 Ne5 19. Be4 Rxc3 20. Nxc3 Rc8 21. Ne2 Rc7 22. Nd4 Kf8 23. Rb1 b6 24. f4 (24. Rb3 $142) 24... Ng4+ $19 25. Kf3 Nf6 (25... Nxh2+ $2 {too greedy.} 26. Kg3 f5 27. Bxf5 exf5 28. Kxh2) 26. g4 (26. Bd3 $17) 26... Rc3 27. Rb3 Rc1 28. Bd3 (28. Rb1 $142 Rc3 29. Rb3) 28... Bc6+ (28... e5 $19 {and Black stays clearly on top.} 29. fxe5 Nxg4) 29. Nxc6 $17 Rxc6 {[%emt 0:00:01][%mdl 4096] Endgame KRB-KRN} 30. h4 h5 31. g5 Ng4 (31... Ne8 $17 32. Ke2 Nd6) 32. Bb5 $15 Rc2 33. Rd3 $1 g6 34. Rd8+ $1 Kg7 35. Rd7 (35. Be8 $1 $11 {keeps the balance.}) 35... Rc3 36. Rd3 Rxd3 (36... Rc5 $15 37. a4 Rc1) 37. Bxd3 {[%emt 0:00:01] KB-KN} Kf8 38. Bb5 Ke7 39. Bd3 f5 40. Bc2 e5 {[%emt 0:00:00] [#] ...e4+ is the strong threat.} 41. e4 fxe4+ 42. Bxe4 exf4 43. Kxf4 Kf7 44. Bd5+ Kf8 45. Bb3 Nh2 46. Bc4 Ng4 47. Bb3 Ke7 48. Bc2 Kf7 49. Bb3+ Kg7 50. Bd1 Nf2 51. Be2 Kf7 52. Kf3 Ng4 53. Kf4 Ke6 54. Bd3 Ne5 55. Bc2 Kd5 {[%emt 0:00:39] White must now prevent ...Kd4.} (55... b5 $5 ) 56. Be4+ $2 (56. Ba4 $11 {and White has nothing to worry.}) 56... Kd4 $19 {[%emt 0:00:19] aiming for ...b5.} 57. Bc2 $2 (57. Bb7) 57... b5 58. Bd1 a5 59. Be2 b4 60. axb4 axb4 61. Bd1 Nd3+ 62. Kf3 Nc5 {[%emt 0:02:18] ( -> ...Kd3)} 63. Bc2 {[%emt 0:00:21] [#]} b3 $1 64. Bxg6 Nd3 {[%emt 0:00:03] Black mates.} 65. Bxd3 Kxd3 66. g6 b2 {[%emt 0:00:05] Weighted Error Value: White=0.70/Black=0.12 (very precise)} 0-1

[Event "European Women-ch 2023"]
[Site "Petrovac"]
[Date "2023.03.19"]
[Round "2.24"]
[White "Daulyte-Cornette, Deimante"]
[Black "Spalir, Monika"]
[Result "1-0"]
[ECO "C45"]
[WhiteElo "2344"]
[BlackElo "2125"]
[Annotator "TA"]
[PlyCount "91"]
[EventDate "2023.03.15"]
[EventType "swiss"]
[EventCountry "MNE"]
[SourceTitle "playchess.com"]
[Source "ChessBase"]
[SourceQuality "1"]
[TimeControl "40/5400+30:1800+30"]

1. e4 {[%emt 0:00:03] Besenthal,Klaus Guenter} e5 2. Nf3 Nc6 3. d4 exd4 4. Nxd4 Bc5 5. Nb3 Bb6 6. Nc3 Nf6 7. Bg5 h6 8. Bh4 d6 {[%emt 0:09:22][%cal Of6e4] 8...0-0 is more fashionable. C45: Scotch Game.} 9. f3 Be6 10. Bb5 a6 {[%emt 0:04:27] White has an edge.} 11. Bxc6+ bxc6 12. Qe2 g5 13. Bf2 Bxf2+ 14. Qxf2 {[%emt 0:00:08] [#]} (14. Kxf2 $6 Nd7 $11) 14... a5 $146 (14... Nd7 $14) ({Predecessor:} 14... Qe7 15. O-O-O a5 16. Nd4 Bd7 17. h4 g4 18. Nf5 Qe5 19. f4 Nxe4 20. Nxd6+ Qxd6 21. Nxe4 Qe7 22. Qd4 {1-0 Giri,A (2782)-Fressinet,L (2687) Paris GCT rapid 2016 (6)}) 15. O-O-O Bxb3 16. axb3 {[%emt 0:02:25] Threatens to win with e5.} Nd7 17. h4 {[%emt 0:05:05] White is more active.} Qf6 18. g3 Nb6 {[%emt 0:10:42] [#]} (18... Kd8 $16) 19. e5 $1 $18 dxe5 20. Ne4 Qe7 21. hxg5 a4 22. Rxh6 ({But not} 22. gxh6 $6 axb3 23. cxb3 Nd5 $16) 22... Rxh6 23. gxh6 f5 {[%emt 0:00:51] [#]} (23... axb3 {was worth a try.} 24. Kb1 (24. cxb3 f5 $18) 24... Kf8) 24. Nd6+ $1 {[%emt 0:17:37][%mdl 576] Double Attack} Kf8 {[%emt 0:08:54] [#] ...axb3 would be deadly.} 25. Nxf5 (25. bxa4 $1 $18 Nxa4 26. Nxf5 Qg5+ 27. Ne3) 25... Qg5+ $16 26. Ne3 axb3 {[%emt 0:01:48] aiming for ...Nc4.} 27. Kb1 Qg8 (27... Qxh6 $16 {keeps fighting.} 28. cxb3 (28. Ng4 Qg6 $16) 28... Qg6+ 29. Nc2 Nd5) 28. f4 bxc2+ 29. Nxc2 {[%emt 0:01:29] Hoping for Qc5+.} Qa2+ 30. Kc1 {[%emt 0:00:05] Qc5+ is the strong threat.} Nc4 $2 (30... Qe6 $16 31. fxe5+ Kg8) 31. fxe5+ {[%emt 0:02:03][%mdl 64] Discovered Attack} (31. Rd7 Qxb2+ 32. Kd1 Qb1+ 33. Ke2 Qxc2+ 34. Kf1 Ra1+ 35. Kg2 Qe4+ 36. Kh3 Rh1+ 37. Kg4 Ne3+) 31... Ke8 32. Qd4 Qxb2+ 33. Qxb2 Nxb2 34. Kxb2 {[%emt 0:00:11][%mdl 4096] Endgame KRN-KR} Kf7 35. Rh1 {[%emt 0:01:49] Kc3 would kill now.} Ke6 36. h7 {[%emt 0:00:13] White mates.} Rh8 37. Rh5 c5 38. Ne3 Kf7 39. Nd5 Kg7 40. Nf6 Kg6 41. g4 c4 42. Kc3 c5 43. Kxc4 Kf7 44. Rg5 Ke7 45. Rg8 Rxg8 46. Nxg8+ {[%emt 0:00:16] A cool game by Daulyte-Cornette.   Weighted Error Value: White=0.14 (very precise) /Black=0.64} 1-0

[Event "European Women-ch 2023"]
[Site "Petrovac"]
[Date "2023.03.19"]
[Round "2.25"]
[White "Dylag, Emilia"]
[Black "Gueci, Tea"]
[Result "1-0"]
[ECO "A63"]
[WhiteElo "2052"]
[BlackElo "2227"]
[Annotator "TA"]
[PlyCount "67"]
[EventDate "2023.03.15"]
[EventType "swiss"]
[EventCountry "MNE"]
[SourceTitle "playchess.com"]
[Source "ChessBase"]
[SourceQuality "1"]
[TimeControl "40/5400+30:1800+30"]

1. d4 Nf6 2. c4 e6 3. g3 c5 4. d5 exd5 5. cxd5 d6 6. Nc3 g6 7. Bg2 Bg7 8. Nf3 O-O 9. O-O Nbd7 10. Bf4 Qe7 11. a4 a6 12. Re1 $1 {[%emt 0:11:46][%mdl 4] is currently scoring better than 12.h3.} Rb8 13. e4 {[%emt 0:07:55] aiming for e5.} Ng4 {[%emt 0:00:40] A63: Modern Benoni: Fianchetto Variation: 9...Nbd7.} 14. Bg5 f6 15. Bc1 {[%emt 0:07:14] [#]} Nge5 $146 {[%emt 0:08:31] The position is equal.} (15... Nde5 {looks sharper.} 16. Nh4 c4 17. h3 Nh6) ({Predecessor:} 15... Re8 16. Bf1 Nde5 17. Nd2 f5 18. h3 Nh6 19. exf5 Nxf5 20. Bg2 Bd7 21. Nde4 h6 {0-1 Shahtahtinsky,A (2325)-Papaioannou,I (2470) Ikaros/Thessaloniki 1997 (10)}) 16. Nxe5 Nxe5 17. f4 Nf7 18. Be3 b5 (18... Re8 $11 {was preferrable.}) 19. axb5 $14 axb5 {[%emt 0:00:04] [#]} 20. b4 $1 f5 $1 21. Rc1 {[%emt 0:19:26] And now bxc5 would win.} cxb4 22. Na2 Ra8 23. Nxb4 {[%emt 0:01:32][%cal Oe4e5] Black must now prevent e5!} Ra4 $2 {[%emt 0:04:26] Black cannot hold the game after this.} (23... fxe4 $16 {was called for.} 24. Bf2 Qb7) 24. Nc6 $18 Qb7 {[%emt 0:03:45] [#]} 25. e5 dxe5 (25... Kh8 26. h3) 26. fxe5 Nxe5 (26... Kh8 $142 27. Bc5 Re8) 27. Nxe5 {[%emt 0:00:25] d6 would be deadly.} Bxe5 28. d6 Qg7 29. Qd5+ Kh8 30. Bg5 $2 (30. Rc7 Bd7 31. Rxd7 {[%mdl 64] Deflection} Qxd7 32. Qxe5+ Qg7 33. Bf4) 30... Re4 $2 (30... Bc3) 31. Bxe4 {[%emt 0:01:40][%cal Oc1c8] Hoping for Rxc8!} Bd4+ 32. Kh1 {[%emt 0:00:33][%cal Oc1c8] Rxc8! would kill now.} fxe4 {[%emt 0:00:31] [#]} 33. Rxc8 $1 {[%emt 0:01:23][%mdl 576] Promotion} Rxc8 34. d7 {[%emt 0:00:06] Weighted Error Value: White=0.36/Black=0.89} 1-0

[Event "European Women-ch 2023"]
[Site "Petrovac"]
[Date "2023.03.19"]
[Round "2.26"]
[White "Abdulla, Khayala"]
[Black "Ivanovic, Tara"]
[Result "1-0"]
[ECO "C77"]
[WhiteElo "2221"]
[BlackElo "1472"]
[Annotator "TA"]
[PlyCount "55"]
[EventDate "2023.03.15"]
[EventType "swiss"]
[EventCountry "MNE"]
[SourceTitle "playchess.com"]
[Source "ChessBase"]
[SourceQuality "1"]
[TimeControl "40/5400+30:1800+30"]

1. e4 e5 2. Nf3 Nc6 3. Bb5 a6 4. Ba4 Nf6 5. d3 b5 6. Bb3 Be7 7. a4 Bb7 8. Nc3 {[%emt 0:02:16][%cal Bb1c3,Bc3e2,Be2g3,Bg3f5][%mdl 32] C77: Ruy Lopez: 3...a6 4 Ba4 Nf6, unusual lines.} b4 9. Ne2 {[%emt 0:01:52] [#]} a5 $146 ({Predecessor:} 9... O-O 10. a5 d5 11. exd5 Nxd5 12. O-O Kh8 13. Re1 f5 14. Ng3 Qd6 15. Bd2 Rae8 {1-0 Fedoseev,V (2701)-Gledura,B (2652) Chess.com Rapid Wk12 Swiss 2022 (8)}) 10. Ng3 {[%emt 0:00:58] White is slightly better.} O-O 11. Nf5 (11. O-O {simplifies} d5 12. exd5 Nxd5 13. Re1) 11... d6 12. Bg5 Re8 (12... Rb8 $11) 13. Qd2 $14 Bf8 14. Bh4 {[%emt 0:01:55] Strongly threatening Qg5.} Bc8 $1 15. Bd5 {[%emt 0:15:35] White is much more active. The black rooks are badly placed.} Bxf5 {[%emt 0:05:56] This move loses the game for Black.} ({Better is} 15... Ra6 $14) 16. Bxc6 $18 Bg6 17. Bxe8 Qxe8 18. Bxf6 gxf6 19. O-O c6 (19... f5 {was necessary.} 20. Nh4 f4) 20. Nh4 d5 21. Qe2 Qd7 22. exd5 cxd5 23. f4 Qa7+ (23... exf4 $16 {is a better defense.} 24. Rxf4 Re8) 24. Kh1 {[%emt 0:00:32] f5 is the strong threat.} Qd4 25. Nxg6 fxg6 26. fxe5 fxe5 27. Qf3 {[%emt 0:00:46] [#] Threatens to win with Qf7+.} Qxb2 $2 (27... Bg7 28. c3 bxc3 29. bxc3 Qc5 30. Qf7+ Kh8) 28. Qxd5+ {[%emt 0:00:09] Weighted Error Value: White=0.11 (very precise) /Black=0.35} 1-0

[Event "European Women-ch 2023"]
[Site "Petrovac"]
[Date "2023.03.19"]
[Round "2.27"]
[White "Chelushkina, Irina"]
[Black "Goriachkina, Oksana"]
[Result "1-0"]
[ECO "B11"]
[WhiteElo "2207"]
[BlackElo "1759"]
[Annotator "TA"]
[PlyCount "59"]
[EventDate "2023.03.15"]
[EventType "swiss"]
[EventCountry "MNE"]
[SourceTitle "playchess.com"]
[Source "ChessBase"]
[SourceQuality "1"]
[TimeControl "40/5400+30:1800+30"]

1. e4 c6 2. Nf3 d5 3. Nc3 Bg4 4. h3 Bxf3 5. Qxf3 e6 6. g3 Nf6 7. Bg2 Nbd7 8. exd5 {[%emt 0:03:48] B11: Caro-Kann: Two Knights Variation.} exd5 9. O-O Be7 {[%emt 0:00:04] [#]} 10. Nd1 $146 {[%emt 0:06:37][%cal Bc3d1,Bd1e3,Be3f5,Bf5h6][%mdl 32] The position is equal.} ({Predecessor:} 10. d4 O-O 11. Bf4 Re8 12. Rfe1 Qb6 13. Qd3 Bb4 14. a3 Bxc3 15. Qxc3 Nf8 16. b3 {½-½ Muniz,R (2220)-Granara Barreto,S (2190) Montevideo George Williams 1st 2011 (5)}) 10... O-O 11. Ne3 Bc5 12. Nf5 Re8 13. d4 Bb6 14. Bg5 $1 g6 15. Nh6+ Kg7 16. c3 Qc8 (16... Qe7 $11 {keeps the balance.}) 17. h4 Rf8 18. Bh3 {[%emt 0:03:14] Threatens to win with Bxf6+. White has more active pieces. This pair of bishops is nice.} (18. Qd3 {simplifies} Bd8 19. Rfe1 Ng8 20. Nxg8 Bxg5 21. hxg5 Kxg8 22. Re7) 18... Qc7 $2 (18... Bd8 $16) 19. Rfe1 $2 (19. Bxd7 Ne4 20. Bh3) 19... Ne4 $18 20. Be7 {[%emt 0:16:29] Against Ndf6} (20. Bf4 $16 Qd8 21. Bxd7 Qxd7 22. Ng4) 20... f5 21. Bg5 (21. Bxf5 $1 $11 gxf5 22. Nxf5+ Kh8 23. Rxe4 (23. Bxf8 Rxf8 24. Rxe4 dxe4 $15) 23... dxe4 24. Qxe4) 21... Nxg5 $4 (21... Rae8 $17) 22. hxg5 {[%emt 0:00:02] And now Re7+ would win.} Qd8 {[%emt 0:00:10] [#] Repels Re7+} (22... Rae8 {keeps fighting.}) 23. Qf4 $1 Bc7 {[%emt 0:00:49] [#]} 24. Qh4 Nb6 $2 (24... Re8 25. Bxf5 (25. Nf7 Rxe1+ 26. Rxe1 Qf8 $11) 25... Nf8) 25. Re6 {[%emt 0:01:12] Strongly threatening Rae1.} Qd7 26. Rae1 {[%emt 0:00:13] Re7+ is the strong threat.} Rae8 {[%emt 0:00:22] [#] Against Re7+} 27. Nxf5+ $1 {[%emt 0:03:26][%mdl 576] Clearance} gxf5 28. Qh6+ Kg8 {[%emt 0:00:00] [#]} 29. Bxf5 $1 {[%emt 0:00:24][%mdl 576] White threatens g6 and mate. Deflection} Qf7 (29... Bd8 30. g6) 30. g6 {[%emt 0:02:47] An entertaining game by Chelushkina.   Weighted Error Value: White=0.45/Black=0.98} 1-0

[Event "European Women-ch 2023"]
[Site "Petrovac"]
[Date "2023.03.19"]
[Round "2.28"]
[White "Efroimski, Marsel"]
[Black "Pirvulescu, Ekaterina"]
[Result "1-0"]
[ECO "B48"]
[WhiteElo "2451"]
[BlackElo "2032"]
[Annotator "TA"]
[PlyCount "129"]
[EventDate "2023.03.15"]
[EventType "swiss"]
[EventCountry "MNE"]
[SourceTitle "playchess.com"]
[Source "ChessBase"]
[SourceQuality "1"]
[TimeControl "40/5400+30:1800+30"]

1. e4 c5 2. Nf3 e6 3. d4 cxd4 4. Nxd4 Nc6 5. Nc3 Qc7 6. Be3 a6 7. Qf3 {[%emt 0:00:05] 7.g4 is the modern continuation. B48: Sicilian: Taimanov: 5 Nc3 Qc7 6 Be3 a6 without Be2.} Bd6 8. O-O-O Be5 $1 9. Nxc6 {[%emt 0:00:04] White is slightly better.} bxc6 10. Bd4 Bxd4 11. Rxd4 d5 12. Qg3 Qxg3 13. hxg3 Nf6 14. e5 Nd7 15. f4 h6 {[%emt 0:03:00] [#]} 16. g4 $146 ({Predecessor:} 16. Be2 Ke7 17. Bf3 a5 18. Re1 Ba6 19. Rdd1 h5 20. Rh1 g6 21. Rh2 Rab8 22. Rdh1 {0-1 Halkias,S (2556)-Chigaev,M (2639) Titled Tuesday intern op 14th Sept blitz 2021 (10)}) 16... Rg8 17. Be2 c5 18. Rdd1 Bb7 19. Bf3 Ke7 20. Ne2 Rab8 21. Rde1 Ba8 22. Ng3 Rb4 23. f5 Rgb8 24. b3 a5 25. Nh5 Rg8 26. Rhf1 g6 27. fxe6 fxe6 ({Don't play} 27... Kxe6 28. a3 gxh5 29. axb4 hxg4 30. Be2 axb4 31. Rh1 $14) 28. c3 Rbb8 29. Nf4 (29. Nf6 $1 $11 {keeps the balance.} Nxf6 30. exf6+ Kf7 31. Rf2) 29... Rbf8 30. Nd3 c4 31. Nf2 cxb3 32. axb3 Rb8 33. Kc2 Nc5 (33... Bc6 $15 {might be stronger.} 34. Ra1 Ra8) 34. Rb1 (34. Rh1 $5) 34... Rb6 (34... Bc6 $15 35. Nd3 Nd7) 35. Rh1 $11 Rh8 36. Rh3 Kf7 37. Nd3 Nxd3 38. Kxd3 Kg7 {[%emt 0:00:20] Prevents g5.} 39. Kc2 Bc6 40. Be2 g5 41. Bd3 (41. Rf1 $11) 41... d4 $1 $15 {[%emt 0:05:37][%mdl 64] Discovered Attack} 42. cxd4 (42. Ra1 $15) 42... Bxg2 $17 43. Rg3 Rc8+ 44. Kd2 Bd5 45. Ra1 (45. Be2 $17) 45... Rxb3 $19 {[%emt 0:02:25] Hoping for ...Rb2+.} 46. Rxa5 $2 (46. Rgg1) 46... Rb2+ $1 47. Ke3 {[%emt 0:00:07] [#]} Rc3 $2 (47... Rc1 $1 $19 {[%cal Rc1e1] ( -> ...Re1+)} 48. Ba6 h5 49. gxh5 Rc3+ {[%mdl 64] Skewer} 50. Bd3 Rxd3+ 51. Kxd3 Rb3+ {[%mdl 64] Skewer} 52. Kd2 Rxg3) 48. Rc5 Ra3 {[%emt 0:04:18] And now ...Rbb3 would win.} 49. Rc7+ Kg8 (49... Kf8 $5 50. Rg1 Rbb3 $15) 50. Rg1 ({Much weaker is} 50. Rc8+ Kf7 51. Rg1 Rbb3 $15) 50... Rbb3 (50... Bb7 $5 51. Rgc1 $8 Rbb3 $11) 51. Rd1 Bb7 {[%emt 0:01:19] Threatens to win with ...Ba6.} 52. Rc2 $1 Ba6 53. Rcd2 Kg7 54. Ke2 $1 Bxd3+ (54... Bb7 $5) 55. Rxd3 Kg6 56. Rxb3 Rxb3 $11 {[%emt 0:00:04][%mdl 4096] Endgame KR-KR} 57. Rf1 {[%emt 0:00:42] Rf6+ is the strong threat.} Rg3 $2 (57... Rb2+ $11 {and Black stays safe.} 58. Kd3 Kg7) 58. Rf6+ $18 Kg7 59. Rxe6 {[%emt 0:00:05] Strongly threatening d5.} Rxg4 {[%emt 0:00:19] [#]} 60. d5 Rd4 61. d6 (61. Re7+ $142 Kf8 62. d6) 61... h5 $2 (61... g4 62. Re7+ Kf8) 62. Re7+ (62. Ke3 $142 Rd1 63. Re7+ Kf8 64. Rh7) 62... Kg6 63. d7 {[%emt 0:03:01] White threatens Re6+ and mate.} h4 64. Re6+ Kf7 65. Rd6 {[%emt 0:00:10] Never resign too early!   Weighted Error Value: White=0.30/Black=0.44} 1-0